cohdb
Replays
Latest Replays
All Replays
Popular Replays
Top Player Replays
Match Explorer
How It Works
Community
CoH3 Stats
Reddit
Sign in to upload your games and track your stats! →
Sign in with Steam
A Good Win Finally
Match 43925464
Overview
Messages
Build Orders
End
Construct Infanterie Kompanie
Grenadier Squad
Grenadier Squad
Selects Breakthrough Battlegroup
Selects Assault Grenadiers
Grenadier Squad
Construct Luftwaffe Kompanie
Medical Station
Jäger Squad
Selects Rapid Production
Selects Smoke Bombing Run
221 Scout Car
221 Scout Car
Smoke Bombing Run
Jäger Squad
Support Elements
Marder III M Tank Destroyer
Selects Blitzkrieg
Jäger Squad
Selects Incendiary Bombing Run
Incendiary Bombing Run
Construct Panzer Kompanie
Incendiary Bombing Run
Panzer IV Medium Tank
noblue317
[USCF] Asmoke
Horizon
Vox
[J0llyR0ger]-Lord.Beni
Dark Templar
0
0
Comments
sign in to comment!
No comments posted yet!